 Dungeon Crawl Stone Soup version 0.22.1-1-ga44c0e56f4 (webtiles) character file.

241 Riddle the Skirmisher (level 6, -6/49 HPs)
             Began as a Formicid Monk on Sept 21, 2018.
             Was a Believer of the Shining One.
             Mangled by an ogre
             ... wielding a +0 giant spiked club
              (22 damage)
             ... on level 4 of the Dungeon.
             The game lasted 00:07:47 (4860 turns).

Riddle the Skirmisher (Formicid Monk)               Turns: 4860, Time: 00:07:48

Health: -6/49      AC: 11    Str: 17    XL:     6   Next: 30%
Magic:  5/7        EV:  6    Int: 13    God:    the Shining One [**....]
Gold:   142        SH:  6    Dex: 13    Spells: 5/5 levels left

rFire    . . .     SeeInvis +   a - +0 mace
rCold    . . .     Gourm    .   (no shield)
rNeg     + . .     Faith    .   l - +0 plate armour
rPois    .         Spirit   .   (helmet unavailable)
rElec    .         Reflect  .   (no cloak)
rCorr    .         Harm     .   (no gloves)
MR       .....                  (no boots)
Stlth    ..........             (no amulet)
HPRegen  0.16/turn              r - +3 ring of intelligence
MPRegen  0.10/turn              (no ring)

@: divine shield, glowing
A: permanent stasis, dig shafts and tunnels, four strong arms, antennae 3
a: Dig, Shaft Self, Divine Shield, Renounce Religion


You were on level 4 of the Dungeon.
You worshipped the Shining One.
The Shining One was pleased with you.
You were not hungry.

You visited 1 branch of the dungeon, and saw 4 of its levels.

You collected 142 gold pieces.

Inventory:

Hand Weapons
 a - a +0 mace (weapon)
 v - a +0 great mace
Armour
 l - a +0 plate armour (worn)
Jewellery
 r - a +3 ring of intelligence (left hand)
Scrolls
 e - 7 scrolls of identify {unknown}
 f - 3 scrolls of enchant weapon {unknown}
 g - 5 scrolls of teleportation {unknown}
 h - 2 scrolls of blinking {unknown}
 k - 2 scrolls of enchant armour {unknown}
 m - 2 scrolls of amnesia {unknown}
 q - a scroll of noise {unknown}
 s - a scroll of immolation {unknown}
 t - 2 scrolls of remove curse {unknown}
Potions
 b - 2 potions of haste {unknown}
 d - a potion of degeneration {unknown}
 i - 2 potions of flight {unknown}
 j - a potion of might {unknown}
 n - a potion of agility {unknown}
 o - 2 potions of heal wounds {unknown}
 p - 2 potions of curing
 u - a potion of experience {unknown}
Comestibles
 c - 6 rations
 w - 3 chunks of flesh


   Skills:
 + Level 4.7 Fighting
 + Level 4.2 Maces & Flails
 + Level 3.2 Armour
 - Level 3.0 Dodging
 - Level 2.4 Stealth
 + Level 1.7 Invocations


You had 5 spell levels left.
You didn't know any spells.
Your spell library was empty.

Dungeon Overview and Level Annotations

Branches:
Dungeon (4/15)
 Temple: D:4-7

Altars:
Cheibriados
The Shining One


Innate Abilities, Weirdness & Mutations

You cannot be hasted, slowed, berserked, paralysed or teleported.
You can dig through walls and to a lower floor.
Your four strong arms can wield two-handed weapons with a shield.
You have a pair of large antennae on your head. (SInv)


Message History

f - 3 scrolls labeled LUISAJA OMNEEROJ (gained 1)
Found a stone staircase leading down.
No target in view!
An ogre comes into view. It is wielding a giant spiked club.
The ogre shouts!
Okay, then.
A divine shield forms around you!
You feel slightly more hungry.
You hit the ogre.
The ogre is lightly wounded.
The ogre hits you with a giant spiked club!
You hit the ogre but do no damage.
The ogre is lightly wounded.
The ogre hits you with a giant spiked club!!
You sock the ogre!
The ogre is moderately wounded.
The ogre hits you with a giant spiked club!
Are you sure you want to shaft yourself?
You feel quite a bit more hungry.
The ogre hits you with a giant spiked club!!
You die...

# ##.# ######....#
#.......# #O###....... #
#@# .#.#### #. #.###.# #
.# #...#.#.# #### .
###.#...### .... #.
##.....>.. ### .#
#.#####...##.###
###.######.......#......
#.............##...##.#.
#.#.#########.###.###.#.


You could see an ogre.

Vanquished Creatures
  A howler monkey (D:1)
  An orc priest (D:3)
  An orc wizard (D:2)
  Robin (D:3)
  4 adders
  2 worms (D:2)
  3 dart slugs
  4 leopard geckos
  5 orcs
  12 goblins
  10 hobgoblins
  12 jackals
  6 kobolds (D:2)
  A ball python (D:3)
  2 bats
  3 frilled lizards
  A quokka skeleton (D:4)
  6 rats
75 creatures vanquished.

Vanquished Creatures (others)
  2 plants (D:2)
2 creatures vanquished.

Grand Total: 77 creatures vanquished

Notes
Turn   | Place    | Note
-------+----------+-------------------------------------------
     0 | D:1      | Riddle the Formicid Monk began the quest for the Orb.
     0 | D:1      | Reached XP level 1. HP: 18/18 MP: 1/1
   174 | D:1      | Reached XP level 2. HP: 15/24 MP: 2/2
   880 | D:2      | Reached skill level 1 in Armour
  1068 | D:2      | Reached XP level 3. HP: 26/29 MP: 3/3
  1356 | D:2      | You fall through a shaft!
  1357 | D:3      | Found a snail-covered altar of Cheibriados.
  1703 | D:3      | Reached XP level 4. HP: 33/37 MP: 4/4
  1871 | D:1      | Reached XP level 5. HP: 11/42 MP: 5/5
  3235 | D:3      | Found a glowing golden altar of the Shining One.
  3301 | D:3      | Became a worshipper of the Shining One
  3301 | D:3      | Reached * piety under the Shining One
  3301 | D:3      | Reached ** piety under the Shining One
  3326 | D:3      | You fall through a shaft!
  3408 | D:3      | Noticed Robin
  3786 | D:3      | Killed Robin
  3834 | D:3      | Found a faded altar of an unknown god.
  3982 | D:2      | Reached skill level 1 in Invocations
  3982 | D:2      | Reached XP level 6. HP: 37/49 MP: 6/6
  4847 | D:4      | Noticed an ogre
  4860 | D:4      | Mangled by an ogre

Skill      XL: |  1  2  3  4  5  6 |
---------------+-------------------+-----
Armour         | 1 2 3 |  3.2
Dodging        | 3 |  3.0
Fighting       | 4 |  4.7
Maces & Flails | 4 |  4.2
Invocations    | 1 |  1.7
Stealth        | |  2.4

Action                   |  1- 3 |  4- 6 || total
-------------------------+-------+-------++-------
Melee: Mace              |   146 |   185 ||   331
Invok: Divine Shield     |       |     1 ||     1
 Abil: Shaft Self        |     1 |     1 ||     2
 Stab: Sleeping          |     1 |       ||     1
  Eat: Chunk             |     3 |     4 ||     7
       Ration            |       |     2 ||     2
Armor: Robe              |     2 |       ||     2
       Plate armour      |   106 |   160 ||   266
Dodge: Dodged            |    66 |    51 ||   117
